 Dungeon Crawl Stone Soup version 0.29.1-1-gd02db6906a (webtiles) character file.

Game seed: 6670586764647004679

19275 quakins the Fighter (level 12, -1/132 HPs)
             Began as a Troll Transmuter on Oct 22, 2022.
             Was an Elder of Wu Jian.
             Slain by a seven-headed hydra (12 damage)
             ... on level 2 of the Lair of Beasts.
             The game lasted 00:24:39 (12687 turns).

quakins the Fighter (Troll Transmuter)             Turns: 12687, Time: 00:24:40

Health: -1/132     AC:  6    Str: 31      XL:     12   Next: 35%
Magic:  12/12      EV: 11    Int:  8 (9)  God:    Wu Jian [****..]
Gold:   55         SH:  7    Dex: 10      Spells: 12/13 levels left

rFire   . . .      SeeInvis .     - Unarmed
rCold   + . .      Faith    .   E - +0 kite shield
rNeg    . . .      Spirit   .   a - +0 robe
rPois   .          Reflect  .   d - +2 hat
rElec   .          Harm     .   (no cloak)
rCorr   .          Rampage  .   (gloves unavailable)
Will    .....                   (boots unavailable)
Stlth   +.........              (no amulet)
HPRegen 1.12/turn               p - +6 ring of strength
MPRegen 0.13/turn               x - ring of protection from cold

@: no status effects
A: large, unfitting armour, claws 3, regeneration 1, shaggy fur 1, tough skin 1
a: Renounce Religion, Wall Jump, Serpent's Lash


You were on level 2 of the Lair of Beasts.
You worshipped Wu Jian.
Wu Jian was greatly pleased with you.
You visited 3 branches of the dungeon, and saw 14 of its levels.

You collected 766 gold pieces.
You spent 711 gold pieces at shops.

Inventory:

Missiles
 e - 10 boomerangs (quivered)
 r - 12 poisoned darts
 N - 5 boomerangs of dispersal
Armour
 a - a +0 robe (worn)
 d - a +2 hat (worn)
 m - the +2 robe "Wysteor" {+Blink rPois rC- Str-3 Dex+6}
   (You bought it in a shop on level 2 of the Dungeon)

   Str:       It affects your strength (-3).
   Dex:       It affects your dexterity (+6).
   rC:        It makes you vulnerable to cold.
   rPois:     It protects you from poison.
   +Blink:    It lets you blink.
 v - a +0 tower shield
 E - a +0 kite shield (worn)
Jewellery
 b - a +4 ring of protection
 p - a +6 ring of strength (left claw)
 x - a ring of protection from cold (right claw)
 A - a ring of see invisible
 J - an amulet of faith
 K - a ring of flight
Wands
 C - a wand of paralysis (7)
 D - a wand of iceblast (17)
 H - a wand of digging (6)
 O - a wand of acid (2)
Scrolls
 f - 5 scrolls of amnesia
 h - 4 scrolls of teleportation
 i - 6 scrolls of magic mapping
 k - 2 scrolls of vulnerability
 o - 5 scrolls of enchant armour
 s - 4 scrolls of silence
 w - 2 scrolls of summoning
 y - 2 scrolls of blinking
 I - a scroll of butterflies
 L - a scroll of enchant weapon
 M - a scroll of immolation
 P - a scroll of noise
 Q - a scroll of fear
Potions
 g - 2 potions of mutation
 j - 4 potions of heal wounds
 l - 2 potions of magic
 n - 2 potions of brilliance {unknown}
 q - 2 potions of curing
 t - a potion of invisibility {unknown}
 u - 9 potions of attraction
 z - 2 potions of haste
 B - 2 potions of degeneration
 F - 2 potions of cancellation
Miscellaneous
 G - a lightning rod (2/4)


   Skills:
 - Level 12.0 Fighting
 - Level 10.0 Dodging
 + Level 2.0 Shields
 - Level 10.0 Unarmed Combat
 - Level 1.2 Spellcasting
 - Level 1.3 Transmutations


You had 12 spell levels left.
You knew the following spells:

 Your Spells              Type           Power      Damage    Failure   Level
a - Beastly Appendage     Tmut           4%         N/A       47%         1

Your spell library contained the following spells:

 Spells                   Type           Power      Damage    Failure   Level
 Wereblood                Tmut           2%         N/A       63%         2
 Apportation              Tloc           0%         N/A       67%         1
 Necrotise                Necr           0%         1d4       67%         1
 Summon Small Mammal      Summ           0%         N/A       67%         1
 Spider Form              Tmut/Pois      1%         N/A       91%         3
 Ignite Poison            Fire/Tmut/Pois 1%         N/A       93%         3
 Frozen Ramparts          Ice            0%         1d1       96%         3
 Inner Flame              Hex/Fire       0%         N/A       96%         3
 Mephitic Cloud           Conj/Pois/Air  0%         N/A       96%         3
 Ozocubu's Armour         Ice            0%         N/A       96%         3
 Cause Fear               Hex            0%         N/A       100%        4
 Hailstorm                Conj/Ice       0%         3d3       100%        4
 Ice Form                 Ice/Tmut       1%         N/A       100%        4
 Summon Ice Beast         Ice/Summ       0%         N/A       100%        4
 Alistair's Intoxication  Tmut/Pois      0%         N/A       100%        5
 Freezing Cloud           Conj/Ice/Air   0%         6-21      100%        5
 Discord                  Hex            0%         N/A       100%        8


Dungeon Overview and Level Annotations

Branches:
Dungeon (11/15)            Temple (1/1) D:5            Lair (2/5) D:10
    Orc (0/2) D:11
  Swamp: Lair:2-3    Shoals: Lair:2-3     Snake: Lair:2-3    Spider: Lair:2-3

Altars:
Ashenzari
Cheibriados
Dithmenos
Elyvilon
Fedhas
Gozag
Hepliaklqana
Kikubaaqudgha
Makhleb
Nemelex Xobeh
Okawaru
Qazlal
Ru
Sif Muna
Trog
Uskayaw
Vehumet
Wu Jian
Xom
Yredelemnul
Zin
The Shining One

Shops:
D:1 ?   D:2 [   D:5 (***


Innate Abilities, Weirdness & Mutations

You are too large for most types of armour.
You have claws for hands.
Your natural rate of healing is unusually fast.
You are covered in fur. (AC +1)
You have tough skin. (AC +1)


Message History

A seven-headed hydra is nearby!
Your blink frog hits the seven-headed hydra!
Your blink frog blinks! x3
You see here a bullfrog corpse.
Your yak dissolves into shadows!
Your yak gores the seven-headed hydra!
Your blink frog blinks!
Your yak dissolves into shadows!
Your yak gores the seven-headed hydra.
Aiming: Thunderbolt
Press: ? - help, Shift-Dir - straight line, f - seven-headed hydra
Aim: a seven-headed hydra (moderately wounded, ally target)
The thunderbolt hits the seven-headed hydra!
The seven-headed hydra is heavily wounded.
Your blink frog dissolves into shadows!
Your blink frog hits the seven-headed hydra.
Aiming: Iceblast
Press: ? - help, Shift-Dir - straight line, f/p - seven-headed hydra
Aim: a seven-headed hydra (heavily wounded, ally target)
Okay, then.
Aiming: Paralyse
Press: ? - help, Shift-Dir - straight line, f/p - seven-headed hydra
Aim: a seven-headed hydra (heavily wounded, ally target, chance to affect: 17%)
Okay, then.
Aiming: Corrosive Bolt
Press: ? - help, Shift-Dir - straight line, f/p - seven-headed hydra
Aim: a seven-headed hydra (heavily wounded, ally target, 90% to hit)
The bolt of acid hits the seven-headed hydra!
The seven-headed hydra is severely wounded.
Your blink frog blinks!
The seven-headed hydra bites you.
You block the seven-headed hydra's attack.
The seven-headed hydra bites you!
The seven-headed hydra bites you but does no damage.
The seven-headed hydra bites you!
* * * LOW HITPOINT WARNING * * *
The seven-headed hydra bites you!
* * * LOW HITPOINT WARNING * * *
The seven-headed hydra bites you!
You die...

###.## .# ##....## ..##
##P.....## ##...#
##........## ##P....##
#..........####<......#
##.........##.........#
#.#P......##P..#...###
#####.....>#..##....# .
###F....@.# .### ...
#####..F§D.## ##
#.....#PP##.#.Y###
#...........F..#
#........##...##
....##.....##.##
....#.......##.##
......#.##...#..###
..##÷##.......#...##


You could see a seven-headed hydra (ally target), a friendly yak (summoned) and
3 friendly blink frogs.

Vanquished Creatures
  Snorg (D:11)
  2 boulder beetles (Lair:1)
  A two-headed ogre (D:9)
  An ugly thing (D:9)
  An elephant (D:10)
  A manticore (D:11)
  2 black mambas (Lair:1)
  4 cane toads (Lair:1)
  An unseen horror (D:11)
  A gargoyle (D:10)
  A rime drake (Lair:1)
  A komodo dragon (Lair:1)
  A troll (D:11)
  A polar bear (Lair:1)
  A hornet (D:10)
  4 blink frogs (Lair:1)
  2 shadows
  A vampire (D:9)
  22 yaks
  A wraith (D:9)
  2 basilisks
  5 wyverns
  3 chaos spawn (D:11)
  2 steam dragons
  3 water moccasins
  4 orc warriors
  A sky beast (D:6)
  4 black bears
  4 centaurs
  12 wolves (Lair:1)
  3 ogres
  A phantom (D:5)
  2 kobold brigands (D:9)
  5 bullfrogs
  2 necrophages (D:6)
  3 gnoll sergeants
  2 scorpions (D:5)
  5 wights (D:8)
  11 killer bees (D:9)
  3 howler monkeys
  2 hounds
  A jelly (D:6)
  4 orc priests
  5 iguanas
  2 gnoll boudas
  6 orc wizards
  Robin (D:4)
  20 gnolls
  6 adders
  4 white imps
  A worm (D:3)
  4 dart slugs
  41 orcs
  9 ball pythons
  7 endoplasms
  6 giant cockroaches
  18 goblins
  8 hobgoblins
  8 jackals (D:4)
  3 quokkas
  5 bats
  2 frilled lizards (D:3)
  12 kobolds
  9 rats
  A toadstool (D:2)
312 creatures vanquished.

Vanquished Creatures (collateral kills)
  A hydra (Lair:2)
1 creature vanquished.

Vanquished Creatures (others)
  2 fungi
  8 plants
  4 toadstools (D:2)
14 creatures vanquished.

Grand Total: 327 creatures vanquished

Notes
Turn   | Place    | Note
-------+----------+-------------------------------------------
     0 | D:1      | quakins the Troll Transmuter began the quest for the Orb.
     0 | D:1      | Reached XP level 1. HP: 18/18 MP: 1/1
   114 | D:1      | Found Ciuricid's Magic Scroll Shop.
   119 | D:1      | Reached XP level 2. HP: 20/26 MP: 2/2
   527 | D:1      | Reached XP level 3. HP: 32/32 MP: 3/3
   899 | D:2      | Found Kitodonn's Antique Armour Shop.
   950 | D:2      | Bought a heavy robe for 108 gold pieces
   950 | D:2      | Identified the +2 robe "Wysteor" {+Blink rPois rC- Str-3
                  | Dex+6} (You bought it in a shop on level 2 of the Dungeon)
  1258 | D:2      | Identified the +0 pair of gloves of Insecurity {rPois rC+
                  | Regen+}
  1554 | D:2      | Reached XP level 4. HP: 40/40 MP: 4/4
  1564 | D:2      | Reached skill level 5 in Unarmed Combat
  1906 | D:3      | Reached XP level 5. HP: 45/46 MP: 5/5
  2590 | D:4      | Noticed Robin
  2634 | D:4      | Killed Robin
  2781 | D:4      | Reached XP level 6. HP: 33/54 MP: 6/6
  3370 | D:5      | Entered Level 5 of the Dungeon
  3388 | D:5      | Found Foyrop's Assorted Antiques.
  3390 | D:5      | Found Deradoyn's General Store.
  3393 | D:5      | Found Miesiguk's General Store.
  3393 | D:5      | Found Pengobick's Antique Weapon Boutique.
  3405 | D:5      | Bought a scroll of identify for 22 gold pieces
  3405 | D:5      | Bought a scroll of identify for 22 gold pieces
  3494 | D:5      | Reached XP level 7. HP: 61/61 MP: 7/7
  3569 | D:5      | Found a staircase to the Ecumenical Temple.
  3588 | Temple   | Entered the Ecumenical Temple
  3893 | Temple   | Became a worshipper of the Wu Jian Council
  3989 | D:5      | Got Yquto's Encyclopedia of the Cooper
  4238 | D:6      | Reached XP level 8. HP: 59/68 MP: 8/8
  4268 | D:6      | Reached skill level 10 in Unarmed Combat
  4268 | D:6      | Reached skill level 1 in Fighting
  4270 | D:6      | Reached skill level 2 in Fighting
  4273 | D:6      | Reached skill level 3 in Fighting
  4388 | D:6      | Reached skill level 4 in Fighting
  4388 | D:6      | Reached * piety under Wu Jian
  4656 | D:6      | Reached skill level 5 in Fighting
  5825 | D:7      | Reached XP level 9. HP: 89/89 MP: 9/9
  6373 | D:8      | Reached skill level 6 in Fighting
  6906 | D:8      | Reached skill level 7 in Fighting
  7116 | D:9      | Reached ** piety under Wu Jian
  7182 | D:9      | Noticed a two-headed ogre
  7187 | D:9      | Killed a two-headed ogre
  7188 | D:9      | Reached skill level 8 in Fighting
  7260 | D:9      | Reached skill level 9 in Fighting
  7312 | D:9      | Noticed a brown ugly thing
  7334 | D:9      | Killed a brown ugly thing
  7335 | D:9      | Reached XP level 10. HP: 93/107 MP: 10/10
  7384 | D:9      | Reached skill level 10 in Fighting
  7542 | D:9      | Found a burning altar of Makhleb.
  7542 | D:9      | Found a glowing golden altar of the Shining One.
  7549 | D:9      | Found a radiant altar of Vehumet.
  7550 | D:9      | Found an ancient bone altar of Kikubaaqudgha.
  7552 | D:9      | Found a stormy altar of Qazlal.
  7553 | D:9      | Found a hazy altar of Hepliaklqana.
  7555 | D:9      | Found a shadowy altar of Dithmenos.
  7559 | D:9      | Found a blossoming altar of Fedhas.
  8131 | D:10     | Entered Level 10 of the Dungeon
  8248 | D:10     | Found a staircase to the Lair.
  8277 | D:10     | Noticed an elephant
  8320 | D:10     | Paralysed by a hornet for 3 turns
  8328 | D:10     | Reached skill level 11 in Fighting
  8448 | D:10     | Killed an elephant
  8647 | D:10     | Reached XP level 11. HP: 65/123 MP: 11/11
  8653 | D:10     | Reached *** piety under Wu Jian
  8654 | D:10     | Reached skill level 12 in Fighting
  8775 | D:10     | Found a sacrificial altar of Ru.
  9493 | D:11     | Found a shimmering altar of Xom.
  9493 | D:11     | Found the +7 mace of Variability {chain chaos}
  9629 | D:11     | Reached skill level 5 in Dodging
  9913 | D:11     | Noticed Snorg
  9925 | D:11     | Killed Snorg
 10091 | D:11     | Found a staircase to the Orcish Mines.
 10274 | Lair:1   | Entered Level 1 of the Lair of Beasts
 10493 | Lair:1   | Reached **** piety under Wu Jian
 10896 | Lair:1   | Found a transporter.
 10898 | Lair:1   | Found a transporter.
 10899 | Lair:1   | Noticed a boulder beetle
 10899 | Lair:1   | Noticed a boulder beetle
 10958 | Lair:1   | Reached XP level 12. HP: 71/132 MP: 12/12
 11206 | Lair:1   | HP: 1/132 [blink frog (11)]
 11922 | D:5      | Bought a wand of iceblast (3) for 79 gold pieces
 11922 | D:5      | Bought a scroll of poison for 44 gold pieces
 11922 | D:5      | Bought a wand of acid (4) for 184 gold pieces
 11928 | D:5      | Bought a scroll of fear for 44 gold pieces
 11931 | D:5      | Bought a potion of heal wounds for 80 gold pieces
 11931 | D:5      | Bought a potion of curing for 48 gold pieces
 11931 | D:5      | Bought a potion of heal wounds for 80 gold pieces
 12171 | Lair:1   | Killed a boulder beetle
 12174 | Lair:1   | Killed a boulder beetle
 12377 | Lair:2   | Noticed a four-headed hydra
 12387 | Lair:2   | Noticed a seven-headed hydra
 12409 | Lair:1   | HP: 6/132 [wyvern (15)]
 12647 | Lair:2   | Reached skill level 10 in Dodging
 12680 | Lair:2   | Killed a ten-headed hydra
 12687 | Lair:2   | Slain by a seven-headed hydra

Illustrated notes

Levels and vault maps discovered:
D:1:      tarquinn_simple_flora_water_d, layout_loops_ring, serial_shops, shop
D:2:      minmay_diamond_boxcup, layout_basic, serial_curves, eino_curves_01,
          eino_curves_02, serial_shops, shop, reono_crystal_passage,
          minmay_gold_behind_fungi
D:3:      layout_basic, minmay_quantized
D:4:      layout_gridville, uniq_robin
D:5:      layout_rooms, minmay_temple_entry_large_hall, minmay_shop_grid_forest,
          minmay_checkerbox
D:6:      layout_basic, kennysheep_windowed_goal
D:7:      layout_layer_cave
D:8:      layout_basic
D:9:      layout_loops_cross, nicolae_overflow_hallway_of_the_gods,
          hangedman_corner_corridor
D:10:     layout_basic, nicolae_ru_awakened_eye, david_lair_generic
D:11:     layout_irregular_city, minmay_orc_entry_temple_small,
          minmay_guarded_unrand_variability, uniq_snorg
Temple:   nicolae_temple_figure_eight
Lair:1:   gammafunk_boulding_lane, layout_long_grid, serial_bayou_pond_d,
          infiniplex_staircase_pool_2
Lair:2:   layout_cave_pods, shoals_dummy_entry, serial_bayou_shore_a,
          grunt_megastairs_2, uniq_nergalle, uniq_amaemon

Skill      XL: |  1  2  3  4  5  6  7  8  9 10 11 12 |
---------------+-------------------------------------+-----
Unarmed Combat | 4 5 6 8 9 10 | 10.0
Fighting       | 5 9 11 12 | 12.0
Dodging        | 8 10 | 10.0
Shields        | 2 |  2.0
Spellcasting   | |  1.2
Transmutations | |  1.3

Action                   |  1- 3 |  4- 6 |  7- 9 | 10-12 || total
-------------------------+-------+-------+-------+-------++-------
Melee: Unarmed           |   116 |   210 |   204 |   502 ||  1032
       Punch             |     1 |     2 |       |       ||     3
Throw: Boomerang         |       |       |       |    21 ||    21
Invok: Lunge             |       |       |    16 |    18 ||    34
       Whirlwind         |       |       |     6 |    11 ||    17
       Serpent's Lash    |       |       |       |     3 ||     3
Evoke: Lightning rod     |       |       |       |     2 ||     2
       Wand              |       |       |       |     3 ||     3
  Use: Scroll            |       |       |    10 |    15 ||    25
       Potion            |       |       |     2 |     8 ||    10
 Stab: Sleeping          |     2 |     1 |     2 |       ||     5
Armor: Robe              |    43 |   112 |    55 |    98 ||   308
       Skin              |       |       |     5 |    56 ||    61
Dodge: Dodged            |    56 |   107 |    49 |   182 ||   394
Block: Tower shield      |       |    95 |    77 |       ||   172
       Kite shield       |       |       |     4 |   152 ||   156
